[Event "Early Titled Tuesday Blitz | February 8 2022"]
[White "Kosteniuk, Alexandra"]
[Black "Cunjalo, Faris"]
[WhiteFideId "4128125"]
[BlackFideId "14410710"]
[WhiteElo "2469"]
[BlackElo "2263"]
[Result "0-1"]
[Round "11"]
[TimeControl "180+1"]
[Date "2022.02.08"]
[WhiteClock "0:00:02"]
[BlackClock "0:00:03"]

1. e4 c6 2. Nc3 d5 3. Nf3 Bg4 4. Be2 e6 5. d4 Nd7 6. h3 Bh5 7. Bf4 Bb4 8. e5 c5 9. a3 Ba5 10. g4 Bg6 11. dxc5 Bxc3+ 12. bxc3 Ne7 13. Nd4 a6 14. h4 h6 15. h5 Bh7 16. Bd3 Bxd3 17. cxd3 Qa5 18. Qd2 Nxc5 19. O-O Rc8 20. Rfd1 Nc6 21. Qc2 Qa4 22. Qxa4 Nxa4 23. Ne2 b5 24. Rac1 Na5 25. Rc2 Kd7 26. Bd2 Nb3 27. Be1 Rc7 28. Rb1 Nbc5 29. Rd2 Rhc8 30. Rdd1 Ke8 31. f4 Nd7 32. Kf2 Rc6 33. Ke3 R6c7 34. Bd2 f6 35. exf6 gxf6 36. Rh1 Kf7 37. Kf3 Rg8 38. Rbg1 Nb2 39. Nc1 e5 40. g5 fxg5 41. fxg5 hxg5 42. h6 Nf6 43. Rxg5 e4+ 44. dxe4 dxe4+ 45. Ke2 Nc4 46. h7 Rh8 47. Bf4 Rd7 48. Rf5 Ke6 49. Rc5 Rdxh7 50. Rxh7 Rxh7 51. Rc6+ Kf5 52. Bb8 Nd5 53. Nb3 Nxc3+ 54. Kf2 e3+ 0-1


[Site "https://www.chess.com"]

[Event "Early Titled Tuesday Blitz | February 8 2022"]
[White "Kouskoutis, Georgios-Alexandros"]
[Black "Guseva, Marina"]
[WhiteFideId "4234049"]
[BlackFideId "4149351"]
[WhiteElo "2130"]
[BlackElo "2232"]
[Result "1-0"]
[Round "11"]
[TimeControl "180+1"]
[Date "2022.02.08"]
[WhiteClock "0:00:04"]
[BlackClock "0:00:20"]

1. c4 Nf6 2. g3 e6 3. Bg2 d5 4. Nf3 Be7 5. O-O O-O 6. b3 b6 7. cxd5 exd5 8. d4 Bb7 9. Bb2 Nbd7 10. Nc3 a6 11. Rc1 Bd6 12. e3 Qe7 13. Qc2 Rac8 14. Rfd1 c6 15. Na4 Ne4 16. Ne5 Nef6 17. Bh3 Rc7 18. Nxd7 Nxd7 19. Bxd7 Qxd7 20. Nxb6 Qh3 21. Qe2 Re7 22. Bc3 Re6 23. Qf1 Qh5 24. Nd7 Rh6 25. Qg2 Re8 26. f3 Bc8 27. Ne5 Bh3 28. Qf2 f6 29. Nxc6 Bd7 30. Bb4 Rxe3 31. Bxd6 Rxf3 32. Qg2 Re3 33. Ne7+ Kf7 34. Qxd5+ Be6 35. Qxh5+ Rxh5 36. d5 Bh3 37. Re1 Rf3 38. Bc5 1-0


[Site "https://www.chess.com"]

[Event "Early Titled Tuesday Blitz | February 8 2022"]
[White "Krzywda, Andrzej"]
[Black "Mohammad Fahad, Rahman"]
[WhiteFideId "1114565"]
[BlackFideId "10207791"]
[WhiteElo "2098"]
[BlackElo "2323"]
[Result "1-0"]
[Round "11"]
[TimeControl "180+1"]
[Date "2022.02.08"]
[WhiteClock "0:01:05"]
[BlackClock "0:01:17"]

1. d4 d5 2. Nf3 Nf6 3. g3 Bf5 4. Bg2 e6 5. c4 c6 6. O-O dxc4 7. Ne5 Nbd7 8. Nxc4 h6 9. Nc3 Be7 10. e4 Bh7 11. Be3 O-O 12. h3 Nb6 13. Ne5 Nfd7 14. Ng4 Nc4 15. Bc1 Qb6 16. b3 Nd6 17. Be3 Rfd8 18. Qd2 Nf6 19. Nxf6+ Bxf6 20. e5 Nf5 21. exf6 Nxd4 22. Bxd4 c5 23. Na4 Qb5 24. fxg7 cxd4 25. Qxh6 Qe5 26. Rfe1 Qxg7 27. Qxg7+ Kxg7 28. Bxb7 Rab8 29. Nc5 d3 30. Rad1 Rd4 31. Be4 Rc8 32. Bxh7 Rxc5 33. Bxd3 Re5 1-0


[Site "https://www.chess.com"]

[Event "Early Titled Tuesday Blitz | February 8 2022"]
[White "Kucuksari, Kaan"]
[Black "Ratnakaran, K."]
[WhiteFideId "6380166"]
[BlackFideId "5005507"]
[WhiteElo "2305"]
[BlackElo "2391"]
[Result "0-1"]
[Round "11"]
[TimeControl "180+1"]
[Date "2022.02.08"]
[WhiteClock "0:00:02"]
[BlackClock "0:00:32"]

1. e4 e6 2. d4 d5 3. Nd2 Nf6 4. e5 Nfd7 5. Bd3 c5 6. c3 Nc6 7. Ngf3 Be7 8. O-O b6 9. Re1 g5 10. Nf1 g4 11. N3d2 h5 12. f4 cxd4 13. Bb5 dxc3 14. Bxc6 cxd2 15. Bxd2 Rb8 16. f5 Qc7 17. fxe6 Qxc6 18. exd7+ Bxd7 19. Rc1 Qg6 20. Ne3 Be6 21. Rc6 Bc5 22. Qa4 b5 23. Qf4 Bb6 24. Kh1 h4 25. Nxd5 h3 26. Nf6+ Kf8 27. Rxe6 hxg2+ 28. Kxg2 fxe6 29. Nd7+ Kg7 30. Qf6+ Qxf6 31. exf6+ Kg6 32. Rf1 Rbd8 33. Ne5+ Kh5 34. Bb4 a5 35. Be1 Rhf8 36. f7 Rd5 37. Bg3 Bc7 38. Nc6 Rd2+ 39. Kg1 Bxg3 40. hxg3 Kg6 41. Ne5+ Kg7 42. Rf4 Rd5 43. Re4 Kf6 44. Nxg4+ Kxf7 45. Ne3 Rd2 46. b3 Rxa2 47. Re5 b4 48. Nc4 Rd8 49. Re1 Rd5 50. Ne5+ Kg7 51. Nc4 Rd3 52. Kf1 Rf3+ 53. Kg1 Rxg3+ 54. Kf1 Rf3+ 55. Kg1 Rxb3 56. Ne3 Rba3 57. Nf1 Kf6 58. Re4 Rb2 59. Rf4+ Ke7 60. Rh4 Ra1 61. Rh7+ Kf6 62. Rh6+ Ke5 63. Rh5+ Kd6 64. Rh4 a4 65. Rd4+ Ke7 66. Rf4 a3 67. Kh1 a2 68. Kg1 Rab1 69. Rf3 a1=Q 70. Rf4 Rc2 0-1


[Site "https://www.chess.com"]

[Event "Early Titled Tuesday Blitz | February 8 2022"]
[White "Kukula, Pawel"]
[Black "Ozkan, Taha"]
[WhiteFideId "1115081"]
[BlackFideId "34577173"]
[WhiteElo "2203"]
[BlackElo "2024"]
[Result "1/2-1/2"]
[Round "11"]
[TimeControl "180+1"]
[Date "2022.02.08"]
[WhiteClock "0:00:19"]
[BlackClock "0:00:36"]

1. d4 d5 2. c4 c6 3. Nf3 e6 4. Nc3 dxc4 5. a4 Bb4 6. g3 b5 7. Bg2 Bb7 8. O-O a6 9. Ne5 Qb6 10. e4 Nf6 11. Be3 O-O 12. f4 Rd8 13. Qc2 c5 14. d5 exd5 15. Nxd5 Nxd5 16. exd5 Bxd5 17. axb5 Qxb5 18. Rad1 Qb7 19. Rxd5 Rxd5 20. Qe4 Ra7 21. Qxd5 Qxd5 22. Bxd5 c3 23. bxc3 Bxc3 24. Rc1 Bxe5 25. fxe5 Nd7 26. e6 fxe6 27. Bxe6+ Kf8 28. Rxc5 Nxc5 29. Bxc5+ Re7 30. Bxe7+ Kxe7 31. Ba2 a5 32. Kf2 Kf6 33. Kf3 a4 34. Bb1 a3 35. Ba2 Kg5 36. h3 Kf5 37. Bb1+ Ke5 38. Kg4 Ke6 39. h4 Ke5 40. Kg5 Kd4 41. g4 Ke3 42. Kf5 Kf3 43. g5 g6+ 44. Kf6 Kg4 45. Kg7 Kxh4 46. Kh6 Kg4 47. Ba2 Kf4 48. Bg8 Kg4 49. Be6+ Kf4 50. Ba2 Kf5 51. Bb1+ Kg4 52. Ba2 Kh4 53. Bb1 Kg4 1/2-1/2


[Site "https://www.chess.com"]

[Event "Early Titled Tuesday Blitz | February 8 2022"]
[White "Lagunov, Evgenij"]
[Black "Shubenkova, Veronika"]
[WhiteFideId "4125363"]
[BlackFideId "44124040"]
[WhiteElo "2200"]
[BlackElo "1938"]
[Result "0-1"]
[Round "11"]
[TimeControl "180+1"]
[Date "2022.02.08"]
[WhiteClock "0:01:27"]
[BlackClock "0:02:05"]

1. e4 e6 2. d4 d5 3. Nc3 Nf6 4. e5 Nfd7 5. f4 c5 6. Nf3 Nc6 7. Be3 cxd4 8. Nxd4 Bc5 9. Qd2 a6 10. h4 Nxd4 11. Bxd4 b5 12. h5 Qb6 13. O-O-O Bb7 14. h6 g6 15. g4 O-O-O 16. g5 Kb8 17. Ne2 Rc8 18. Kb1 Rc7 19. Bg2 Rhc8 20. c3 a5 21. Nc1 b4 22. Rh3 Bxd4 23. cxd4 Ba6 24. Bf1 Bxf1 25. Rxf1 Rc2 26. Qe3 Qc6 27. Nd3 Qc4 28. Rhh1 b3 29. axb3 Qxb3 30. Rc1 Rxb2+ 0-1


[Site "https://www.chess.com"]

[Event "Early Titled Tuesday Blitz | February 8 2022"]
[White "Lazavik, Denis"]
[Black "Kosakowski, Jakub"]
[WhiteFideId "13515110"]
[BlackFideId "1185080"]
[WhiteElo "2436"]
[BlackElo "2476"]
[Result "1-0"]
[Round "11"]
[TimeControl "180+1"]
[Date "2022.02.08"]
[WhiteClock "0:00:09"]
[BlackClock "0:00:01"]

1. d4 Nf6 2. c4 e6 3. g3 d5 4. Nf3 Bb4+ 5. Bd2 Be7 6. Bg2 O-O 7. Qc2 Nbd7 8. O-O c6 9. Bf4 Ne4 10. Nc3 g5 11. Be3 Nd6 12. cxd5 cxd5 13. Ne5 Nf5 14. Nxd5 exd5 15. Qxf5 Nxe5 16. Qxe5 Be6 17. Bd2 Rc8 18. Rfc1 Rxc1+ 19. Rxc1 Bf6 20. Qe3 Qb6 21. Bc3 Rc8 22. Rd1 h6 23. f4 Kg7 24. Rf1 Re8 25. Qf2 Bg4 26. e3 Qe6 27. e4 gxf4 28. e5 Be7 29. Qxf4 Bg5 30. Qf2 Bh5 31. Bd2 Bd8 32. Bf4 Bg6 33. Qe3 Rh8 34. h4 Qb6 35. Rf2 Be7 36. e6 f6 37. Bxd5 Rd8 38. Bf3 Rxd4 39. Kg2 Qd8 40. Bxh6+ Kh7 41. Bf4 Rd3 42. Qe2 b6 43. Be4 Bxe4+ 44. Qxe4+ Kg7 45. Qf5 Qd5+ 46. Qxd5 Rxd5 47. Rc2 Rd4 48. Rc7 1-0


[Site "https://www.chess.com"]

[Event "Early Titled Tuesday Blitz | February 8 2022"]
[White "Loay, Sameer"]
[Black "Saravana, Krishnan P."]
[WhiteFideId "8104239"]
[BlackFideId "5018382"]
[WhiteElo "2040"]
[BlackElo "2210"]
[Result "1-0"]
[Round "11"]
[TimeControl "180+1"]
[Date "2022.02.08"]
[WhiteClock "0:00:48"]
[BlackClock "0:00:04"]

1. Nf3 d5 2. g3 Nf6 3. Bg2 c6 4. O-O Bf5 5. d3 h6 6. Nbd2 e6 7. b3 Be7 8. Bb2 O-O 9. Qe1 a5 10. e4 Bh7 11. a4 Na6 12. Ne5 Nb4 13. Rc1 Nd7 14. Qe2 Na2 15. Ra1 Nb4 16. Rac1 Nxe5 17. Bxe5 Bf6 18. Nf3 Na2 19. Rce1 dxe4 20. dxe4 Nc3 21. Qc4 Nxe4 22. Rxe4 b5 23. Qxc6 Rc8 24. Qb7 Bxe5 25. Rxe5 bxa4 26. bxa4 Rxc2 27. Qa7 Qc8 28. Qxa5 Bd3 29. Rfe1 Rd8 30. R5e3 Rc1 31. h3 Bf5 32. Qxd8+ Qxd8 33. Rxc1 Qa5 34. Ra1 Bc2 35. Re5 Qc3 36. Rc1 Qb2 37. Ree1 Bxa4 38. Rc8+ Kh7 39. Ne5 Bc2 40. Rxc2 Qb4 41. Rce2 f6 42. Be4+ f5 43. Bg2 Qc3 44. Nf3 f4 45. g4 h5 46. Rxe6 hxg4 47. hxg4 Qb4 48. Ng5+ Kg8 49. Re8+ Qf8 50. Bd5+ 1-0


[Site "https://www.chess.com"]

[Event "Early Titled Tuesday Blitz | February 8 2022"]
[White "Lodici, Lorenzo"]
[Black "Chigaev, Maksim"]
[WhiteFideId "884189"]
[BlackFideId "4108116"]
[WhiteElo "2265"]
[BlackElo "2502"]
[Result "1-0"]
[Round "11"]
[TimeControl "180+1"]
[Date "2022.02.08"]
[WhiteClock "0:00:07"]
[BlackClock "0:00:05"]

1. e4 c5 2. Nf3 e6 3. g3 Nc6 4. Bg2 Nf6 5. Qe2 e5 6. O-O Be7 7. c3 O-O 8. Na3 Re8 9. Nc4 Bf8 10. d3 h6 11. a3 d6 12. b4 b5 13. Ne3 a5 14. bxc5 dxc5 15. Bb2 Be6 16. Rad1 Bb3 17. Rd2 b4 18. axb4 axb4 19. cxb4 Nd4 20. Nxd4 cxd4 21. Nc2 Ra2 22. Rb1 Qd7 23. Na1 Be6 24. Bc1 Rea8 25. Rxa2 Rxa2 26. Qd1 Qa7 27. Nb3 Bxb4 28. Bf3 Bc3 29. Nd2 Qa6 30. Be2 Kh7 31. Kg2 Bd7 32. Nc4 Qe6 33. Kg1 Ba4 34. Qf1 Nd7 35. Bd1 Bc2 36. Bxc2 Rxc2 37. Qd1 Ra2 38. Qf3 Nf6 39. Ba3 Qg4 40. Kg2 Qxf3+ 41. Kxf3 h5 42. h3 g5 43. Be7 g4+ 44. Kg2 gxh3+ 45. Kxh3 Ng4 46. Kh4 Rxf2 47. Kxh5 Ne3 48. Nxe5 f6 49. Ng4 Nxg4 50. Kxg4 Kg6 51. Rb6 Kf7 52. Bd8 Bd2 53. Rb2 Ke6 54. Ba5 Be3 55. Rxf2 Bxf2 56. Bc7 Be3 57. Bf4 Bf2 58. Kf3 Be1 59. Ke2 Bb4 60. g4 Be7 61. Kd1 Bd8 62. Kc2 Ba5 63. Kb3 Be1 64. Kc4 Bf2 65. Kc5 Bg1 66. Kc6 Be3 67. Bg3 Bg1 68. Kc7 Be3 69. Kd8 Kf7 70. Kd7 Kg6 71. Ke6 Kg5 72. Bc7 Kxg4 73. Kxf6 Kf3 74. e5 Bf4 75. e6 Bxc7 76. e7 Ke3 77. e8=Q+ Kxd3 78. Kf5 Ba5 79. Qe4+ Kc3 80. Qc6+ Kd2 81. Qa4 Bc3 82. Ke4 Ke2 83. Qc4+ Kd2 84. Qd3+ Kc1 85. Qe2 Bd2 86. Kd3 Bc3 87. Qc2# 1-0


[Site "https://www.chess.com"]

[Event "Early Titled Tuesday Blitz | February 8 2022"]
[White "Loy, Konstantin"]
[Black "Vlassov, Nikolai"]
[WhiteFideId "14122499"]
[BlackFideId "4103360"]
[WhiteElo "2084"]
[BlackElo "2407"]
[Result "0-1"]
[Round "11"]
[TimeControl "180+1"]
[Date "2022.02.08"]
[WhiteClock "0:00:02"]
[BlackClock "0:00:26"]

1. e4 Nc6 2. Nf3 d5 3. exd5 Qxd5 4. d4 Bg4 5. Be2 O-O-O 6. c3 Nf6 7. O-O e5 8. dxe5 Qxd1 9. Rxd1 Rxd1+ 10. Bxd1 Bxf3 11. Bxf3 Nxe5 12. Be2 Bc5 13. Bf4 Re8 14. Kf1 Ne4 15. f3 Nd6 16. Nd2 Ng6 17. Bg3 Nf5 18. Bf2 Bxf2 19. Kxf2 Nf4 20. Re1 Nd6 21. Bf1 Rxe1 22. Kxe1 Kd7 23. g3 Ne6 24. Bd3 f5 25. f4 Nc5 26. Bc2 a5 27. b4 axb4 28. cxb4 Ne6 29. Nb3 Kc6 30. Kd2 Kd5 31. Kc3 b6 32. a4 c5 33. bxc5 bxc5 34. Nd2 Nd4 35. Bb3+ Kc6 36. Bc4 Kb6 37. Nb3 Ne4+ 38. Kd3 Nf2+ 39. Ke3 Ng4+ 40. Kd3 Nxb3 41. Bxb3 Nxh2 42. Kc4 Nf1 43. a5+ Kxa5 44. Kxc5 Nxg3 45. Kd5 h5 46. Bd1 h4 47. Bf3 Kb4 48. Ke6 Kc3 49. Kf7 Kd4 50. Kxg7 Ke3 51. Bb7 Kxf4 52. Kg6 h3 53. Kf6 h2 54. Kg6 Ne4 0-1


[Site "https://www.chess.com"]

[Event "Early Titled Tuesday Blitz | February 8 2022"]
[White "Lucas, Arthur"]
[Black "Decuigniere, Tom"]
[WhiteFideId "26093073"]
[BlackFideId "26093820"]
[WhiteElo "2129"]
[BlackElo "1997"]
[Result "1-0"]
[Round "11"]
[TimeControl "180+1"]
[Date "2022.02.08"]
[WhiteClock "0:00:19"]
[BlackClock "0:00:02"]

1. e4 c5 2. Nf3 g6 3. d4 cxd4 4. Nxd4 Nc6 5. c4 Bg7 6. Be3 Nf6 7. Nc3 O-O 8. Be2 d6 9. O-O Bd7 10. h3 Rc8 11. Nxc6 Bxc6 12. Qc2 a6 13. Rad1 Qa5 14. Bd4 b5 15. cxb5 axb5 16. a3 Bxe4 17. Qb3 Bc6 18. Bxb5 Nd7 19. Bxc6 Rxc6 20. Bxg7 Kxg7 21. Nd5 Re8 22. Rfe1 Nc5 23. Qf3 Ne6 24. Nxe7 Rc2 25. Nd5 Qd8 26. Qd3 Rc5 27. b4 Rc8 28. Qd2 f6 29. Re3 Ng5 30. Rde1 Rxe3 31. Rxe3 Qf8 32. Re7+ Kg8 33. Qd4 Rc1+ 34. Kh2 Rc8 35. Nxf6+ Kh8 36. Nd7+ Kg8 37. Nxf8 1-0


[Site "https://www.chess.com"]

[Event "Early Titled Tuesday Blitz | February 8 2022"]
[White "Maevsky, Nikolay"]
[Black "Rakhmanov, Aleksandr"]
[WhiteFideId "4198220"]
[BlackFideId "4173708"]
[WhiteElo "2104"]
[BlackElo "2500"]
[Result "0-1"]
[Round "11"]
[TimeControl "180+1"]
[Date "2022.02.08"]
[WhiteClock "0:00:02"]
[BlackClock "0:00:09"]

1. d4 Nf6 2. Nf3 g6 3. c4 d6 4. Nc3 Bf5 5. Nh4 Bd7 6. Nf3 Bf5 7. Nh4 Bd7 8. Nf3 Bg7 9. e4 e5 10. d5 Na6 11. Bg5 Nc5 12. Nd2 h6 13. Bh4 a5 14. Be2 a4 15. O-O O-O 16. Qc2 Qe8 17. f3 Nh5 18. Rfe1 Nf4 19. Bf1 f5 20. Bf2 Qe7 21. g3 Nh5 22. exf5 gxf5 23. f4 e4 24. Be2 Be8 25. Nf1 Bg6 26. Rad1 Kh7 27. Ne3 Qf7 28. Ng2 Bf6 29. Qd2 Qg7 30. Be3 a3 31. Bd4 Bxd4+ 32. Qxd4 axb2 33. Qxg7+ Nxg7 34. Rb1 Ra3 35. Nb5 Rxa2 36. Nxc7 Na4 37. Nb5 Be8 38. Nxd6 Nc3 39. Kf2 Ba4 40. Ne3 b6 41. Nb5 Bxb5 42. cxb5 Nxb1 43. Rxb1 Rfa8 44. Bc4 R2a3 45. Rxb2 Rc3 46. Be2 Rf8 47. Rd2 Rcc8 48. d6 Rcd8 49. Rd5 Rf6 50. d7 Rf7 51. Rd6 Rdxd7 52. Rxb6 Rd2 53. Rc6 Ra7 54. Rc2 Rxc2 55. Nxc2 Ra2 56. Ne3 Rb2 57. h3 h5 58. g4 fxg4 59. hxg4 h4 60. g5 h3 61. Kf1 Rxe2 62. Kxe2 h2 63. f5 h1=Q 64. g6+ Kh8 65. f6 Qf3+ 66. Kd2 Qxf6 67. Nd5 Qd4+ 0-1


[Site "https://www.chess.com"]

[Event "Early Titled Tuesday Blitz | February 8 2022"]
[White "Maksimenko, Viktor"]
[Black "Brodowski, Piotr"]
[WhiteFideId "13710478"]
[BlackFideId "1124480"]
[WhiteElo "2269"]
[BlackElo "2422"]
[Result "1-0"]
[Round "11"]
[TimeControl "180+1"]
[Date "2022.02.08"]
[WhiteClock "0:00:21"]
[BlackClock "0:00:04"]

1. e4 d5 2. exd5 Qxd5 3. d4 Nf6 4. c4 Qd8 5. Nc3 c6 6. Nf3 Bg4 7. Be2 Bxf3 8. Bxf3 e6 9. O-O Be7 10. Re1 O-O 11. d5 exd5 12. cxd5 Qc7 13. Bg5 h6 14. Bh4 Rd8 15. Qb3 Na6 16. dxc6 bxc6 17. Qc4 Nc5 18. Bg3 Qb7 19. b3 Rac8 20. Rad1 Ne6 21. Rxd8+ Bxd8 22. h3 Be7 23. Na4 Qb5 24. Nb2 Bb4 25. Rc1 Qb6 26. Na4 Qd8 27. Qxb4 Nd4 28. Qc3 Nxf3+ 29. Qxf3 Nd5 30. Rd1 Qg5 31. Nc3 Nb4 32. Ne4 Qg6 33. Nd6 Rd8 34. Kh2 Nd5 35. Nc4 Re8 36. Rd2 f6 37. Re2 Rd8 38. Na5 Nb4 39. Nxc6 Rd3 40. Ne7+ Kf7 41. Nxg6 Rxf3 42. Nh8+ Kg8 43. gxf3 Kxh8 44. Re7 Nc6 45. Rc7 Nd4 46. Rxa7 Nxf3+ 47. Kh1 Ne1 48. a4 Kh7 49. a5 Kg6 50. a6 Kf5 51. Rxg7 Ke4 52. Re7+ Kf3 53. Rxe1 h5 54. Re3# 1-0


[Site "https://www.chess.com"]

[Event "Early Titled Tuesday Blitz | February 8 2022"]
[White "Manelyuk, Daniil"]
[Black "Agasarov, Benik"]
[WhiteFideId "44173920"]
[BlackFideId "13314823"]
[WhiteElo "2222"]
[BlackElo "2598"]
[Result "1-0"]
[Round "11"]
[TimeControl "180+1"]
[Date "2022.02.08"]
[WhiteClock "0:01:36"]
[BlackClock "0:01:46"]

1. e4 e5 2. Nf3 Nc6 3. Bb5 Nf6 4. O-O Nxe4 5. d4 Nd6 6. dxe5 Nxb5 7. a4 Nbd4 8. Nxd4 d5 9. e6 Bxe6 10. Nxe6 fxe6 11. Qh5+ g6 12. Qh3 Qf6 13. Re1 Kf7 14. Re3 Nd4 15. Rd3 Bc5 16. b4 Ne2+ 17. Kh1 Qxa1 18. Rf3+ Ke7 19. Bg5+ Kd6 20. bxc5+ Kxc5 21. Be7+ Kc4 22. Rf4+ Nxf4 23. Qb3+ Kd4 24. Bf6+ e5 25. Qb4# 1-0


[Site "https://www.chess.com"]

[Event "Early Titled Tuesday Blitz | February 8 2022"]
[White "Marcziter, Dmitrii"]
[Black "Gracia Alvarez, Gerardo Antonio"]
[WhiteFideId "13900765"]
[BlackFideId "5109124"]
[WhiteElo "2155"]
[BlackElo "2139"]
[Result "1-0"]
[Round "11"]
[TimeControl "180+1"]
[Date "2022.02.08"]
[WhiteClock "0:00:42"]
[BlackClock "0:00:01"]

1. d4 Nf6 2. c4 c5 3. d5 b5 4. cxb5 a6 5. b6 d6 6. Nc3 Nbd7 7. Nf3 Rb8 8. Nd2 Nxb6 9. e4 g6 10. Be2 Bg7 11. O-O O-O 12. Qc2 Na8 13. Nc4 Nc7 14. a4 e6 15. dxe6 Bxe6 16. Bf4 Bxc4 17. Bxc4 Qe7 18. Rfe1 Ne6 19. Bxe6 Qxe6 20. Rad1 Rfd8 21. h3 h6 22. Nd5 Nxd5 23. exd5 Qf6 24. Bc1 Rb4 25. b3 Qc3 26. Qe2 Qxb3 27. a5 Rd4 28. Rxd4 Bxd4 29. Qxa6 Qxd5 30. Bxh6 Ra8 31. Qb5 Qa2 32. Re2 Qa1+ 33. Kh2 Qxa5 34. Re8+ Kh7 35. Qxa5 Rxa5 36. Bf4 Ra6 37. Rd8 Bxf2 38. Bxd6 Bd4 39. Bf4 Rc6 40. g4 Bg7 41. Rd7 c4 42. Rxf7 Rf6 43. Rxf6 Bxf6 44. Bc1 g5 45. Kg3 Kg6 46. Kf3 Kf7 47. Ke4 Ke6 48. Be3 Kd6 49. Kf5 Bd8 50. Bd4 Kd5 51. Bc3 Kc5 52. Ke5 Kb5 53. Kd5 Be7 54. Bd2 Bd8 55. Bc1 Bf6 56. Ke6 Bd8 57. Kd7 Bf6 58. Ke6 Bd8 59. Be3 c3 60. Kd7 Bf6 61. Ke6 Bd8 62. Kf5 1-0


[Site "https://www.chess.com"]

[Event "Early Titled Tuesday Blitz | February 8 2022"]
[White "Martinez Alcantara, Jose Eduardo"]
[Black "Narayanan.S.L"]
[WhiteFideId "3805662"]
[BlackFideId "5058422"]
[WhiteElo "2690"]
[BlackElo "2494"]
[Result "0-1"]
[Round "11"]
[TimeControl "180+1"]
[Date "2022.02.08"]
[WhiteClock "0:00:06"]
[BlackClock "0:00:09"]

1. e4 c5 2. Nf3 d6 3. d4 cxd4 4. Nxd4 Nf6 5. Nc3 a6 6. h4 h6 7. h5 Nc6 8. Nxc6 bxc6 9. e5 dxe5 10. Qxd8+ Kxd8 11. Be3 Nd5 12. O-O-O e6 13. Na4 Kc7 14. Bd2 a5 15. Rh3 Be7 16. Rg3 Bf6 17. c4 Nf4 18. Nc5 Rd8 19. Ra3 a4 20. Rxa4 Rxa4 21. Nxa4 Kb8 22. Nc5 Be7 23. Nb3 f5 24. Re1 Bf6 25. g3 Nd3+ 26. Bxd3 Rxd3 27. Nc5 Rf3 28. Re2 e4 29. Be3 e5 30. Bd2 Be7 31. Na4 Be6 32. b3 Bf7 33. Bc3 Bf6 34. Kb2 Bxh5 35. Rd2 e3 36. fxe3 Rxe3 37. Nc5 Rxg3 38. Nd7+ Kc8 39. Nxf6 gxf6 40. Rd6 f4 41. Rxf6 Rg5 42. a4 Bg4 43. a5 Rf5 44. Rxc6+ Kb7 45. Rb6+ Kc7 46. Rxh6 f3 47. Rh7+ Kc6 48. a6 f2 49. a7 Rf8 50. Rh1 Be2 51. Bxe5 f1=Q 52. Rxf1 Bxf1 53. Kc3 Kb7 54. Bd4 Rf3+ 55. Kb4 Be2 56. Kc5 Rxb3 0-1


[Site "https://www.chess.com"]

[Event "Early Titled Tuesday Blitz | February 8 2022"]
[White "Martirosyan, Haik M."]
[Black "Orozbaev, Eldiar"]
[WhiteFideId "13306553"]
[BlackFideId "13802240"]
[WhiteElo "2735"]
[BlackElo "2050"]
[Result "1-0"]
[Round "11"]
[TimeControl "180+1"]
[Date "2022.02.08"]
[WhiteClock "0:00:09"]
[BlackClock "0:00:03"]

1. c4 b6 2. Nc3 Bb7 3. d4 Nf6 4. Nf3 e6 5. g3 Bb4 6. Bg2 Ne4 7. Qc2 f5 8. O-O Bxc3 9. bxc3 O-O 10. a4 d6 11. a5 bxa5 12. c5 Nd7 13. Qb3 Bd5 14. c4 Bc6 15. Rxa5 Rb8 16. Qd3 Ndf6 17. cxd6 cxd6 18. Rxa7 Ra8 19. Rxa8 Qxa8 20. Bf4 Rb8 21. h3 g5 22. Nxg5 Nxg5 23. d5 Nge4 24. dxc6 Qxc6 25. g4 Rc8 26. Rc1 Qc5 27. Be3 Qe5 28. f4 Qb2 29. g5 Ra8 30. gxf6 Ra3 31. Qd4 Qxe2 32. Bxe4 Rxe3 33. Bg2 Rd3 34. Qa7 Rg3 35. Qf2 Qxf2+ 36. Kxf2 Ra3 37. Rd1 Ra6 38. c5 dxc5 39. Rd7 Ra3 40. Bf3 Kf8 41. Bh5 Ra8 42. Rxh7 Kg8 43. Bg6 Ra2+ 44. Kg3 Ra3+ 45. Kh4 Ra8 46. f7+ Kf8 47. Rh8+ Kg7 48. Rxa8 1-0


[Site "https://www.chess.com"]

[Event "Early Titled Tuesday Blitz | February 8 2022"]
[White "Maurizzi, Marc`Andria"]
[Black "Srihari L R"]
[WhiteFideId "36083534"]
[BlackFideId "46617116"]
[WhiteElo "2186"]
[BlackElo "2121"]
[Result "0-1"]
[Round "11"]
[TimeControl "180+1"]
[Date "2022.02.08"]
[WhiteClock "0:01:43"]
[BlackClock "0:00:42"]

1. d4 d5 2. c4 e6 3. Nc3 c5 4. Nf3 Nf6 5. cxd5 Nxd5 6. e3 Nc6 7. Bd3 Be7 8. O-O O-O 9. Qe2 b6 10. Rd1 cxd4 11. exd4 Bb7 12. Nxd5 exd5 13. Bf4 Bf6 14. Be5 Re8 15. Qc2 g6 16. Bxf6 Qxf6 17. Qa4 a6 18. Rac1 b5 19. Qb3 Na5 20. Qb4 Nc4 21. Bf1 Rac8 22. b3 Nd6 23. Ne5 Ne4 24. f3 Qf4 25. Qe1 Rxc1 26. Rxc1 Nd2 27. Qf2 Nxf3+ 28. Qxf3 Qxd4+ 29. Kh1 Qxe5 30. Bd3 Re7 31. h3 d4 32. Qf2 Qe3 33. Qh4 Qxc1+ 0-1


[Site "https://www.chess.com"]

[Event "Early Titled Tuesday Blitz | February 8 2022"]
[White "Mayaud, Raphael"]
[Black "Komissarov, Alexey"]
[WhiteFideId "627151"]
[BlackFideId "4176545"]
[WhiteElo "2191"]
[BlackElo "2216"]
[Result "1-0"]
[Round "11"]
[TimeControl "180+1"]
[Date "2022.02.08"]
[WhiteClock "0:00:12"]
[BlackClock "0:00:01"]

1. d4 d5 2. c4 e6 3. Nf3 Nf6 4. g3 dxc4 5. Bg2 a6 6. Ne5 Bb4+ 7. Nc3 O-O 8. O-O Nd5 9. Qc2 Nb6 10. Rd1 N8d7 11. Bf4 Bd6 12. Ne4 Nd5 13. Nxd6 cxd6 14. Nxc4 Nxf4 15. gxf4 Nf6 16. Rac1 d5 17. Ne5 Bd7 18. Qc7 Bb5 19. Qxd8 Rfxd8 20. e3 Rdc8 21. b3 Be2 22. Re1 Bh5 23. Nd3 Bg6 24. Ne5 Be4 25. f3 Bg6 26. Kf2 Kf8 27. Ke2 Ke7 28. Kd2 Ne8 29. Bf1 f6 30. Nd3 Bxd3 31. Bxd3 h6 32. Rxc8 Rxc8 33. Rc1 Rxc1 34. Kxc1 Kd6 35. Kd2 Nc7 36. e4 Ke7 37. Ke3 Ne8 38. Be2 Nd6 39. Bd3 f5 40. Bc2 g6 41. Bd3 1-0


[Site "https://www.chess.com"]

[Event "Early Titled Tuesday Blitz | February 8 2022"]
[White "Mekhitarian, Krikor Sevag"]
[Black "Alavkin, Arseny"]
[WhiteFideId "2107660"]
[BlackFideId "4120612"]
[WhiteElo "2598"]
[BlackElo "2391"]
[Result "1-0"]
[Round "11"]
[TimeControl "180+1"]
[Date "2022.02.08"]
[WhiteClock "0:00:14"]
[BlackClock "0:01:13"]

1. e4 e6 2. d4 d5 3. Nc3 Bb4 4. e5 c5 5. a3 Bxc3+ 6. bxc3 Qc7 7. Nf3 Ne7 8. h4 b6 9. Bb5+ Bd7 10. Bd3 Bc8 11. a4 Ba6 12. Bb5+ Bxb5 13. axb5 Nd7 14. h5 h6 15. Rh4 Nf5 16. Rf4 cxd4 17. cxd4 Rc8 18. g4 Ne7 19. Ba3 Qxc2 20. Bxe7 Kxe7 21. Qxc2 Rxc2 22. Rxa7 Rd8 23. g5 Rb2 24. g6 f6 25. exf6+ gxf6 26. Ne5 fxe5 27. dxe5 Rb1+ 28. Ke2 Rg1 29. Rf7+ Ke8 30. f4 d4 31. Kf2 Rg4 32. Kf3 Rg1 33. Rh7 d3 34. Ke3 Rg3+ 35. Kd2 Rg4 36. g7 Kf7 37. Rh8 Rg2+ 38. Kxd3 Rb2 1-0


[Site "https://www.chess.com"]

[Event "Early Titled Tuesday Blitz | February 8 2022"]
[White "Miszler, Levente"]
[Black "Manukian, Artak"]
[WhiteFideId "763276"]
[BlackFideId "13301373"]
[WhiteElo "1966"]
[BlackElo "2405"]
[Result "0-1"]
[Round "11"]
[TimeControl "180+1"]
[Date "2022.02.08"]
[WhiteClock "0:00:09"]
[BlackClock "0:00:15"]

1. d4 Nf6 2. Nf3 e6 3. c4 d5 4. Nc3 c5 5. cxd5 exd5 6. Bg5 Be6 7. e3 Nc6 8. Bb5 a6 9. Bxc6+ bxc6 10. Ne5 Qb6 11. Qa4 Rc8 12. O-O cxd4 13. exd4 Bd6 14. Rfe1 O-O 15. Qc2 Qxd4 16. Rad1 Qa7 17. Bxf6 gxf6 18. Nc4 Bb8 19. Ne3 d4 20. Ne4 Qe7 21. Rxd4 Kh8 22. Ng3 Rg8 23. Nef5 Qc7 24. Rh4 Rg6 25. Qe2 Qe5 26. Qd2 Qd5 27. Qe2 Bxf5 28. Qe8+ Rxe8 29. Rxe8+ Kg7 30. Nxf5+ Qxf5 31. Rhe4 Ba7 32. Re2 Qb1+ 33. Re1 Qxb2 34. R8e2 Qd4 35. g3 Rg5 36. Kg2 Re5 0-1


[Site "https://www.chess.com"]